 Dungeon Crawl Stone Soup version 0.31-a0-232-gb1c03b2570 (webtiles) character file.

Game seed: 6977217108771132618

63 qw the Shooter (level 4, -1/26 HPs)
             Began as a Gargoyle Hexslinger on July 7, 2023.
             Slain by Terence
             ... wielding a +0 hand axe
              (4 damage)
             ... on level 2 of the Dungeon.
             The game lasted 00:00:36 (1422 turns).

qw the Shooter (Gargoyle Hexslinger)                Turns: 1422, Time: 00:00:36

Health: -1/26      AC:  9    Str: 12    XL:     4   Next: 9%
Magic:  5/5        EV: 10    Int: 13    God:
Gold:   66         SH:  0    Dex: 14    Spells: 4/5 levels left

rFire   . . .        Y - +1 sling
rCold   . . .        (no shield)
rNeg    + . .        d - +0 ring mail
rPois   inf          (no helmet)
rElec   +            (no cloak)
rCorr   .            e - +0 pair of gloves
SInv    .            (no boots)
Will    .....        (no amulet)
Stlth   +            (no ring)
HPRegen 0.24/turn    (no ring)
MPRegen 0.09/turn

%: no passive effects
@: about to teleport
A: sickness immunity, AC +3, negative energy resistance 1, electricity
resistance, torment resistance 1, petrification resistance
a: no special abilities


You were on level 2 of the Dungeon.
You visited 1 branch of the dungeon, and saw 2 of its levels.

You collected 66 gold pieces.


Innate Abilities, Weirdness & Mutations

You are immune to sickness and miasma.
Your stone body is resilient. (AC +3)
You are immune to poison.
You resist negative energy. (rN+)
You are resistant to electric shocks. (rElec)
You are resistant to unholy torment.
You are immune to petrification.


   Skills:
 - Level 2.0 Fighting
 + Level 3.7 Ranged Weapons
 - Level 1.0 Armour
 - Level 1.5 Dodging
 - Level 1.0 Spellcasting
 - Level 2.6 Hexes


You had 4 spell levels left.
You knew the following spells:

 Your Spells              Type           Power      Damage    Failure   Level
a - Slow                  Hex            28%        N/A       22%         1

Your spell library contained the following spells:

 Spells                   Type           Power      Damage    Failure   Level
 Inner Flame              Hex/Fire       4%         N/A       73%         3
 Portal Projectile        Hex/Tloc       8%         N/A       73%         3
 Cause Fear               Hex            3%         N/A       91%         4

Inventory:

Hand Weapons
 Y - a +1 sling (weapon)
Armour
 d - a +0 ring mail (worn)
 e - a +0 pair of gloves (worn)
Scrolls
 a - 2 scrolls of identify
 b - a scroll of torment {unknown}
Potions
 f - a potion of ambrosia {unknown}
 h - a potion of enlightenment

Dungeon Overview and Level Annotations

Branches:
Dungeon (2/15)

Altars:

Annotations:
D:2 Terence


Message History

You shoot a sling bullet. The sling bullet barely misses Terence.
Terence barely misses you.
You shoot a sling bullet. The sling bullet barely misses Terence.
Terence closely misses you. Terence hits you with a +0 hand axe.
You shoot a sling bullet. The sling bullet barely misses Terence.
Terence hits you but does no damage.
You shoot a sling bullet.
The sling bullet closely misses Terence.
Terence hits you but does no damage.
You shoot a sling bullet. The sling bullet barely misses Terence.
Terence barely misses you.
Terence bares his teeth.
Terence closely misses you.
You shoot a sling bullet. The sling bullet barely misses Terence.
Terence hits you with a +0 hand axe.
You shoot a sling bullet. The sling bullet barely misses Terence.
Terence hits you but does no damage.
Terence says, "Time to say good-bye..."
Terence closely misses you.
You shoot a sling bullet. The sling bullet hits Terence.
Terence is heavily wounded.
Terence hits you with a +0 hand axe.
You shoot a sling bullet. The sling bullet barely misses Terence.
Terence closely misses you.
You shoot a sling bullet. The sling bullet hits Terence.
Terence is severely wounded.
Terence hits you but does no damage. Terence hits you with a +0 hand axe!
You shoot a sling bullet.
The sling bullet hits Terence but does no damage.
Terence is severely wounded.
Terence hits you with a +0 hand axe.
You shoot a sling bullet. The sling bullet barely misses Terence.
Terence hits you but does no damage.
You shoot a sling bullet. The sling bullet barely misses Terence.
Terence hits you with a +0 hand axe. x2
1422 ||| READING scroll of teleportation.
As you read the scroll of teleportation, it crumbles to dust.
You feel strangely unstable. Terence hits you with a +0 hand axe.
You die...

#..... .... #.....
.... #...<. ####
..... #..... ...#
..... #..... ...#
...... #..... ...#
#...... #..... ...#
####....... #.....
...#
#######..@@......
#..... ...#
#........########
#.(... ...#
#.....##...# ###..#
...#####....#.....#
#####...#
...##....#.##.#...#
#.....#.#
#.##..####.##.#..##
#.#####.. #....##
#..#.#..#
####.#####.. #..###
##.#.#..#
#........... ...#
#...#..#
#.......###.


You could see Terence.

Vanquished Creatures
  An adder (D:2)
  A worm (D:2)
  4 bats
  2 endoplasms
  2 giant cockroaches
  6 goblins (D:2)
  12 hobgoblins
  3 quokkas
  4 ball pythons
  A frilled lizard (D:1)
  5 kobolds
  A rat (D:1)
42 creatures vanquished.

Notes
Turn   | Place    | Note
-------+----------+-------------------------------------------
     0 | D:1      | qw the Gargoyle Hexslinger began the quest for the Orb.
     0 | D:1      | Reached XP level 1. HP: 12/12 MP: 2/2
     0 | D:1      | 0 ||| qw: Version: 0.3-a-46-gb1f654a
     0 | D:1      | 0 ||| qw: Game counter: 2870
     0 | D:1      | 0 ||| qw: Melee chars always use a shield: true
     0 | D:1      | 0 ||| qw: God list: Okawaru
     0 | D:1      | 0 ||| qw: Allow faded altars: false
     0 | D:1      | 0 ||| qw: Do Orc after clearing Dungeon:15 true
     0 | D:1      | 0 ||| qw: Do second Lair branch before Depths: true
     0 | D:1      | 0 ||| qw: Lair rune preference: random
     0 | D:1      | 0 ||| qw: Goals: Normal
     0 | D:1      | 0 ||| PLANNING D:1-11
   164 | D:1      | Reached XP level 2. HP: 16/16 MP: 3/3
   210 | D:1      | Reached skill level 3 in Ranged Weapons
   521 | D:1      | HP: 4/16 [quokka (3)]
   703 | D:1      | 703 ||| UPGRADING to +0 pair of gloves.
   708 | D:1      | 708 ||| DROPPING ring of magical power.
   709 | D:1      | 709 ||| READING 4 scrolls labelled XOFUIKHL TECI.
   710 | D:1      | 710 ||| READING scroll labelled KIASESU ONGU.
   714 | D:1      | 714 ||| DRINKING 3 glowing grey potions.
   741 | D:1      | 741 ||| READING 3 scrolls of identify.
   741 | D:1      | 741 ||| IDENTIFYING grey potion
   742 | D:1      | 742 ||| DROPPING scroll of poison.
   743 | D:1      | 743 ||| DROPPING 2 potions of lignification.
   821 | D:2      | Reached XP level 3. HP: 21/21 MP: 4/4
  1064 | D:2      | 1064 ||| UPGRADING to +0 ring mail.
  1137 | D:2      | 1137 ||| UPGRADING to +0 robe.
  1142 | D:2      | 1142 ||| UPGRADING to +0 ring mail.
  1152 | D:2      | 1152 ||| DROPPING +0 robe.
  1175 | D:2      | Reached skill level 1 in Armour
  1275 | D:2      | Reached XP level 4. HP: 22/26 MP: 5/5
  1404 | D:2      | Noticed Terence
  1421 | D:2      | HP: 6/26 [Terence/+0 hand axe (5)]
  1422 | D:2      | 1422 ||| READING scroll of teleportation.
  1422 | D:2      | Slain by Terence

Levels and vault maps discovered:
D:1:      minmay_arrival_radiant_lines, layout_loops_ring,
          amcnicky_mini_pool_small, minmay_tromino_i4
D:2:      cheibrodos_greedy_goblins, layout_rooms, minmay_surrounded,
          uniq_terence

Skill      XL: |  1  2  3 |
---------------+----------+-----
Ranged Weapons | 3 |  3.7
Fighting       | 2 |  2.0
Armour         | 1 |  1.0
Dodging        | |  1.5
Spellcasting   | |  1.0
Hexes          | |  2.6

Action                     |  1- 3 |  4- 6 || total
---------------------------+-------+-------++-------
   Fire: Sling             |   129 |    22 ||   151
    Use: Scroll            |     3 |     1 ||     4
         Potion            |     1 |       ||     1
 Armour: Robe              |    18 |       ||    18
         Ring mail         |     9 |     5 ||    14
         Skin              |     3 |       ||     3
  Dodge: Dodged            |    56 |     6 ||    62

Table legend:
 A = Non-vault XP
 B = Vault XP
 C = Vault XP percentage of total XP
 D = Non-vault monster count
 E = Vault monster count
 F = Vault count percentage of total count
                 A         B        C        D         E       F
            +---------+---------+-------+---------+---------+-------
      Total |      64 |      26 |  28.9 |      28 |      14 |  33.3
            +---------+---------+-------+---------+---------+-------
        D:1 |      26 |       2 |   7.1 |      16 |       1 |   5.9
        D:2 |      38 |      24 |  38.7 |      12 |      13 |  52.0
            +---------+---------+-------+---------+---------+-------
